[Event "FIDE World Cup O12-B 2024"]
[Site "Batumi"]
[Date "2024.06.27"]
[Round "5.1"]
[White "Qu, Haoming"]
[Black "Batbaatar, Baatar"]
[Result "1-0"]
[ECO "B50"]
[WhiteElo "1877"]
[BlackElo "1724"]
[Annotator "NA RC"]
[PlyCount "121"]
[EventDate "2024.06.23"]
[EventType "swiss"]
[EventCountry "GEO"]
[SourceTitle "playchess.com"]
[Source "ChessBase"]
[SourceQuality "1"]
[TimeControl "5400+30"]

1. e4 c5 2. Nf3 d6 3. c3 Nf6 4. h3 Nbd7 5. Bd3 g6 6. Bc2 Bg7 7. O-O O-O 8. d4 cxd4 9. cxd4 b5 10. a3 e5 11. Nc3 a6 12. dxe5 dxe5 13. Qe2 Bb7 14. Bg5 h6 15. Bh4 Qc7 16. Rfd1 Nb6 17. Bb3 $11 Nh5 18. Rac1 Nf4 19. Qf1 Nc4 20. Bg3 Nxb2 21. Na4 Qa5 22. Nxb2 Qxa3 23. Nd3 Bxe4 24. Nc5 Bxf3 25. gxf3 Rac8 26. Bxf4 exf4 27. Qd3 Kh7 28. Bd5 Qb2 29. Rb1 Qf6 30. Nd7 Qg5+ 31. Kh2 Rfd8 32. Bxf7 Rc7 33. Qxg6+ Qxg6 34. Bxg6+ Kxg6 35. Ne5+ Bxe5 36. Rxd8 Rc6 37. Rg1+ Kf7 38. Rd7+ Ke6 39. Rb7 Kd5 40. h4 Bf6 41. h5 Bg5 42. Rd1+ Ke5 43. Kh3 Rc5 44. Ra1 Rc6 45. Kg4 Kd4 46. Rd7+ Kc5 47. Rc1+ Kb6 48. Rxc6+ Kxc6 49. Ra7 b4 50. Rxa6+ Kc5 51. Ra5+ Kc4 52. Rxg5 hxg5 53. h6 b3 54. h7 b2 55. h8=Q b1=Q 56. Qc8+ Kd5 57. Qf5+ Qxf5+ 58. Kxf5 Kd6 59. Kxg5 Ke5 60. Kg4 Kf6 61. Kxf4 1-0

[Event "FIDE World Cup O12-B 2024"]
[Site "Batumi"]
[Date "2024.06.27"]
[Round "5.2"]
[White "Ibrahimli, Suat"]
[Black "Gabadadze, Gabriel"]
[Result "1/2-1/2"]
[ECO "A36"]
[WhiteElo "1852"]
[BlackElo "1975"]
[Annotator "NA RC"]
[PlyCount "117"]
[EventDate "2024.06.23"]
[EventType "swiss"]
[EventCountry "GEO"]
[SourceTitle "playchess.com"]
[Source "ChessBase"]
[SourceQuality "1"]
[TimeControl "5400+30"]

1. c4 c5 2. Nc3 Nc6 3. g3 g6 4. Bg2 Bg7 5. d3 e6 6. Bf4 {[%emt 0:00:04] A36: Symmetrical English vs ...g6: 4 Bg2 Bg7.} d6 7. Qc1 e5 8. Bd2 Nge7 9. Bh6 Bxh6 10. Qxh6 Nf5 11. Qd2 h5 12. e3 O-O 13. Nge2 Be6 14. a3 a5 15. O-O Kg7 16. Nd5 Bxd5 17. cxd5 Nce7 18. b4 b6 19. d4 (19. bxc5 $14 bxc5 20. Nc3) 19... exd4 20. exd4 ({Don't play} 20. e4 Nh6 21. bxc5 bxc5 $15) 20... cxb4 21. axb4 axb4 22. Qxb4 Rxa1 23. Rxa1 Qc7 24. Rc1 Qa7 25. h3 Qa6 $11 26. Rc2 Nc8 27. Nc3 Qd3 28. Be4 Qxd4 29. Qxd4+ Nxd4 30. Rb2 f5 31. Bd3 Nf3+ 32. Kf1 Ne5 33. Ba6 Nd7 34. Na4 Ne7 35. Bb5 Nf6 36. Nxb6 Nfxd5 37. Nxd5 Nxd5 38. Bc4 Nf6 39. Rb7+ Kh6 40. Rf7 Rxf7 41. Bxf7 d5 42. Be6 Kg7 43. Ke2 Ne4 44. Ke3 d4+ 45. Ke2 Ng5 46. Bd5 Nxh3 47. f4 h4 48. Bg2 Ng1+ 49. Kf2 hxg3+ 50. Kxg1 g5 51. fxg5 Kg6 52. Bf1 Kxg5 53. Kg2 f4 54. Kf3 Kf5 55. Bd3+ Ke5 56. Bf1 Kf5 57. Bd3+ Kg5 58. Bf1 Kf5 59. Bd3+ 1/2-1/2

[Event "FIDE World Cup O12-B 2024"]
[Site "Batumi"]
[Date "2024.06.27"]
[Round "5.3"]
[White "Aadik Theophane Lenin"]
[Black "Zhang, Haoxuan(Zj)"]
[Result "1-0"]
[ECO "A57"]
[WhiteElo "1852"]
[BlackElo "1907"]
[Annotator "NA RC"]
[PlyCount "111"]
[EventDate "2024.06.23"]
[EventType "swiss"]
[EventCountry "GEO"]
[SourceTitle "playchess.com"]
[Source "ChessBase"]
[SourceQuality "1"]
[TimeControl "5400+30"]

1. d4 Nf6 2. Nf3 g6 3. c4 c5 4. d5 b5 5. cxb5 a6 6. b6 d6 7. Nc3 Nbd7 8. e4 Bg7 9. a4 a5 10. Bb5 O-O 11. O-O Qxb6 12. Nd2 Qc7 13. Qe2 Bb7 14. f4 e6 15. dxe6 fxe6 16. Nc4 Nb6 17. Rd1 $11 (17. e5 $14 {deserves consideration.} dxe5 18. Qxe5 (18. fxe5 Nfd5 $11) 18... Qxe5 19. fxe5) 17... Rfd8 18. e5 dxe5 19. Rxd8+ Rxd8 20. fxe5 Nfd5 21. Bg5 Rf8 22. Nd6 Bc6 23. Rd1 Kh8 24. Rf1 Nxc3 25. bxc3 Nd7 26. Bf4 Nb6 27. Bg5 Nd7 28. Rxf8+ Bxf8 29. Bf4 Nb6 30. Qg4 Bd7 31. Qg5 Nd5 32. Bg3 Kg8 33. c4 Be7 34. Qd2 Nb6 35. Qf2 Bxd6 36. exd6 Qc8 37. Be5 Qf8 38. Qxc5 Qf5 39. Qxb6 Qb1+ 40. Kf2 Qf5+ 41. Ke2 Qxe5+ 42. Qe3 Qxd6 43. c5 Qd5 44. Bxd7 Qxd7 45. Qe4 Kf7 46. c6 Qc7 47. Qc4 Ke7 48. Qc5+ Ke8 49. Kd3 Qb8 50. c7 Qb3+ 51. Ke4 Qxa4+ 52. Ke5 Qa1+ 53. Kd6 Qd1+ 54. Kc6 Qa4+ 55. Kb7 Qb3+ 56. Ka7 1-0

[Event "FIDE World Cup O12-B 2024"]
[Site "Batumi"]
[Date "2024.06.27"]
[Round "5.4"]
[White "Garakhanov, Shamsi"]
[Black "Kakavand, Ramtin"]
[Result "1-0"]
[ECO "D15"]
[WhiteElo "1884"]
[BlackElo "2059"]
[Annotator "NA RC"]
[PlyCount "130"]
[EventDate "2024.06.23"]
[EventType "swiss"]
[EventCountry "GEO"]
[SourceTitle "playchess.com"]
[Source "ChessBase"]
[SourceQuality "1"]
[TimeControl "5400+30"]

1. d4 d5 2. c4 c6 3. Nc3 Nf6 4. e3 e6 5. Nf3 a6 6. Bd3 b5 7. b3 Bd6 {[%emt 0:01:22] D15: Slav Defence: 4 Nc3 a6 and gambit lines after 4 Nc3 dxc4.} 8. O-O O-O 9. Qc2 Bb7 10. Ne5 h6 11. f4 (11. Bb2 $142) 11... Nbd7 ({Black should try} 11... dxc4 $11 12. bxc4 c5) 12. c5 Bc7 13. Bd2 Kh8 14. Rf3 Ng8 15. Rg3 ({White should try} 15. Ne2 $16) 15... Ne7 16. Ne2 f6 17. Ng6+ Nxg6 18. Rxg6 e5 19. fxe5 (19. Bf5 $14) 19... fxe5 20. e4 exd4 $11 21. exd5 Ne5 22. Rg3 Nxd3 23. Rxd3 Qxd5 24. Nxd4 Rad8 25. Be3 Bc8 26. Rad1 Qh5 27. h3 Qg6 28. Kh1 Rde8 29. Bg1 Rf6 30. Qc3 Ref8 31. Re3 Bb8 32. Qd3 Qh5 33. b4 Qd5 34. a3 Qg5 35. Rde1 Rg6 36. Qe2 Kh7 37. Nf3 Qf6 38. Bh2 Bxh2 39. Kxh2 Qf4+ 40. Kh1 Rg3 41. Ne5 Rxe3 42. Qxe3 Qxe3 43. Rxe3 Re8 44. Kg1 g5 45. Kf2 Re6 46. Kf3 Kg7 47. Ke4 Re7 48. Kd4 Bd7 49. Rf3 Be8 50. g3 Ra7 51. h4 gxh4 52. gxh4 Ra8 53. Ke4 a5 54. Kf5 axb4 55. axb4 Ra4 56. Rf4 Ra1 57. Rd4 Rb1 58. Ke6 h5 59. Ke7 Re1 60. Kxe8 Rxe5+ 61. Kd7 Kf7 62. Kxc6 Ke6 63. Kxb5 Re1 64. Kc6 Rg1 65. b5 Rg6 1-0

[Event "FIDE World Cup O12-B 2024"]
[Site "Batumi"]
[Date "2024.06.27"]
[Round "5.5"]
[White "Diaz Guerrero, Jesus Daniel"]
[Black "Golikov, Ivan"]
[Result "1/2-1/2"]
[ECO "B30"]
[WhiteElo "2032"]
[BlackElo "1723"]
[Annotator "NA RC"]
[PlyCount "150"]
[EventDate "2024.06.23"]
[EventType "swiss"]
[EventCountry "GEO"]
[SourceTitle "playchess.com"]
[Source "ChessBase"]
[SourceQuality "1"]
[TimeControl "5400+30"]

1. e4 c5 2. Nf3 Nc6 3. Bb5 e5 4. O-O Bd6 5. c3 Nge7 6. d4 cxd4 7. cxd4 exd4 8. Nxd4 a6 9. Ba4 O-O 10. Be3 Qc7 11. h3 b5 12. Bc2 Bb7 13. Nd2 Rac8 14. Rc1 (14. N4f3 $11) 14... Rfd8 $2 {[%emt 0:05:48] [#]} (14... Nxd4 $15 {keeps the upper hand.} 15. Bxd4 Bh2+ 16. Kh1 Bf4) 15. N2b3 (15. Bb3 $1 $16) 15... Ne5 16. f4 Nc4 17. Qe2 $11 (17. e5 $1 $14 Bb4 (17... Nxe3 18. Bxh7+ Kxh7 19. Qd3+ Kg8 20. Rxc7 $16) 18. Bf2) 17... Nc6 18. Nf5 Bf8 19. Bb1 g6 20. Ng3 Bg7 21. e5 d6 22. exd6 Qxd6 23. Ne4 Qe6 24. Kh1 f5 25. Nbc5 Qe7 26. Nxb7 Qxb7 27. Ng5 Re8 28. Rxc4 h6 29. Rcc1 hxg5 30. Qf3 Bxb2 31. Rc2 Ba3 32. fxg5 Qd7 33. Bg1 Bf8 34. Qb3+ Kh7 35. Rcf2 Ne5 36. Rxf5 Bg7 37. R5f4 Rc4 38. Qg3 Rxf4 39. Qxf4 Qc6 40. Bd4 Kg8 41. Bxe5 Rxe5 42. Rc1 Qe6 43. Qf1 Rxg5 44. Qf2 Re5 45. Bd3 Rd5 46. Bf1 Rf5 47. Qd2 Rd5 48. Qf2 Rf5 49. Qd2 Rd5 50. Qf2 Rf5 51. Qd2 Rd5 52. Qc2 Bh6 53. Qc8+ Qxc8 54. Rxc8+ Kh7 55. Rc7+ Bg7 56. Rc1 Rd4 57. g4 Be5 58. Re1 Bg3 59. Re7+ Kh6 60. Re6 Ra4 61. Bd3 Kg5 62. Kg2 Bh4 63. Kf3 Rf4+ 64. Ke3 Rf6 65. Rxf6 Kxf6 66. Kd4 Kf7 67. Kc5 Be7+ 68. Kb6 g5 69. Kxa6 b4 70. Kb6 Ke6 71. Kc6 Ke5 72. Kd7 Kf6 73. h4 Bf8 74. h5 Kg7 75. Ke8 Bc5 1/2-1/2

[Event "FIDE World Cup O12-B 2024"]
[Site "Batumi"]
[Date "2024.06.27"]
[Round "5.6"]
[White "Amreyev, Azat"]
[Black "Martinez Flores, Matias"]
[Result "0-1"]
[ECO "B87"]
[WhiteElo "1704"]
[BlackElo "2080"]
[Annotator "NA RC"]
[PlyCount "50"]
[EventDate "2024.06.23"]
[EventType "swiss"]
[EventCountry "GEO"]
[SourceTitle "playchess.com"]
[Source "ChessBase"]
[SourceQuality "1"]
[TimeControl "5400+30"]

1. e4 c5 2. Nf3 d6 3. d4 cxd4 4. Nxd4 Nf6 5. Nc3 a6 6. Bc4 e6 7. O-O b5 8. Bb3 Be7 9. Qf3 Qb6 10. Be3 Qb7 11. Qg3 Nbd7 12. f4 {[%emt 0:35:47] B87: Sicilian Scheveningen/Najdorf: 6 Bc4, with early ...b5.} (12. Rad1 $14 g6 13. f3) 12... Nxe4 13. Nxe4 Qxe4 14. f5 (14. Qxg7 $2 {too greedy.} Qxe3+ 15. Kh1 Bf6 $19) (14. Rae1 $5 Bb7 15. f5 $14) 14... e5 15. Rae1 Bf6 16. Kh1 O-O 17. Ne6 fxe6 18. fxe6 Kh8 19. Rd1 $17 ({White should try} 19. Bh6 $15 Qg6 20. Qxg6 hxg6 21. exd7 Bxd7 (21... gxh6 $2 {is the wrong capture.} 22. Rxf6 Bxd7 23. Rxg6 $18) 22. Be3) 19... Bh4 20. Rxf8+ Nxf8 21. e7 Be6 22. Rf1 Bxe7 23. Rxf8+ Rxf8 24. Bxe6 Rf1+ 25. Bg1 Qd4 0-1

[Event "FIDE World Cup O12-B 2024"]
[Site "Batumi"]
[Date "2024.06.27"]
[Round "5.7"]
[White "Chia, Yu Zhe Ashton"]
[Black "Tatvidze, Davit"]
[Result "0-1"]
[ECO "B30"]
[WhiteElo "2229"]
[BlackElo "2000"]
[Annotator "RC"]
[PlyCount "88"]
[EventDate "2024.06.23"]
[EventType "swiss"]
[EventCountry "GEO"]
[SourceTitle "playchess.com"]
[Source "ChessBase"]
[SourceQuality "1"]
[TimeControl "5400+30"]

1. e4 c5 2. Nf3 Nc6 3. Bc4 e6 4. O-O d5 5. exd5 exd5 6. Bb5 Bd6 7. d4 Nge7 8. c4 O-O 9. Bg5 f6 10. Be3 cxd4 11. Bxc6 Nxc6 12. Nxd4 Nxd4 13. Qxd4 Be5 14. Qd2 dxc4 15. Qc2 Qc7 16. f4 Bd6 17. Nd2 Be6 18. Rac1 b5 19. Kh1 Rac8 20. Nf3 Qb7 21. Rcd1 Rcd8 22. Qf2 Bd5 23. Nd4 Rfe8 24. Nf5 Bf8 25. Qg3 Kh8 26. Bd4 Be4 27. Nh6 Rxd4 28. Rxd4 gxh6 29. Rd2 Bb4 30. Rdf2 Rg8 31. Qh3 Bc5 32. Rd2 b4 33. Re1 c3 34. Rde2 c2 35. Rc1 Qd5 36. Rce1 f5 37. a3 bxa3 38. bxa3 Bd4 39. Rd2 Qc6 40. Rc1 Bb2 41. Qe3 Bxg2+ 42. Kg1 Bh3+ 43. Kf2 Qg2+ 44. Ke1 Qf1# 0-1

[Event "FIDE World Cup O12-B 2024"]
[Site "Batumi"]
[Date "2024.06.27"]
[Round "5.8"]
[White "Minkhajdarov, Ruslan"]
[Black "Yusupov, Rauf"]
[Result "1-0"]
[ECO "C42"]
[WhiteElo "1921"]
[BlackElo "1800"]
[Annotator "RC"]
[PlyCount "39"]
[EventDate "2024.06.23"]
[EventType "swiss"]
[EventCountry "GEO"]
[SourceTitle "playchess.com"]
[Source "ChessBase"]
[SourceQuality "1"]
[TimeControl "5400+30"]

1. e4 e5 2. Nf3 Nf6 3. Nxe5 d6 4. Nf3 Nxe4 5. d4 d5 6. Bd3 Bd6 7. O-O O-O 8. c4 c6 9. Nc3 Nxc3 10. bxc3 dxc4 11. Bxc4 Bf5 12. Bg5 Qc7 13. Nh4 Bxh2+ 14. Kh1 Bf4 15. Nxf5 Bxg5 16. f4 Bf6 17. Qh5 g6 18. Qh6 Re8 19. Rf3 b5 20. Rh3 1-0

[Event "FIDE World Cup O12-B 2024"]
[Site "Batumi"]
[Date "2024.06.27"]
[Round "5.9"]
[White "Pirtac, Alexandru"]
[Black "Ambartsumyan, Yuri"]
[Result "0-1"]
[ECO "C02"]
[WhiteElo "1977"]
[BlackElo "1750"]
[Annotator "NA RC"]
[PlyCount "110"]
[EventDate "2024.06.23"]
[EventType "swiss"]
[EventCountry "GEO"]
[SourceTitle "playchess.com"]
[Source "ChessBase"]
[SourceQuality "1"]
[TimeControl "5400+30"]

1. e4 e6 2. d4 d5 3. e5 c5 4. c3 Qb6 5. Nf3 Nc6 6. Bd3 cxd4 7. O-O Bd7 8. a4 dxc3 9. Nxc3 Bc5 10. Bf4 Nge7 (10... Qxb2 $2 {is the wrong capture.} 11. Nb5 $18) 11. h4 a6 (11... Qxb2 $2 {is the wrong capture.} 12. Nb5 $18) 12. h5 h6 ({Resist} 12... Qxb2 13. Ne2 Qb6 14. h6 gxh6 15. Bxh6 $15) 13. Qd2 O-O-O (13... Na5 $17 14. Rab1 Nb3) 14. Nb5 axb5 15. axb5 Kb8 16. Rfc1 Nd4 17. Rxc5 $19 Nxf3+ 18. gxf3 Qxc5 19. Qa5 Nc6 20. Qa4 Qd4 21. Qa3 Qb4 22. Qa2 Kc7 23. bxc6 Ra8 24. Qxa8 Rxa8 25. Rxa8 Qxf4 26. cxd7 Kxd7 27. Bb5+ Kc7 28. Rf8 Qg5+ 29. Kf1 Qxh5 30. f4 Qd1+ 31. Kg2 Qg4+ 32. Kf1 Qxf4 33. Be8 Qxe5 34. Rxf7+ Kb6 35. Bd7 Qxb2 36. Re7 Kc7 37. Be8+ Kd6 38. Rd7+ Ke5 39. Rxg7 d4 40. Rg3 b5 41. Bf7 Kf6 42. Bg8 b4 43. Rf3+ Ke5 44. Rf8 d3 45. Re8 Qe2+ 46. Kg2 Qg4+ 47. Kf1 d2 48. f4+ Kxf4 49. Rf8+ Ke3 50. Rd8 d1=Q+ 51. Rxd1 Qxd1+ 52. Kg2 Qg4+ 53. Kh2 Qxg8 54. Kh3 Kf3 55. Kh2 Qg2# 0-1

[Event "FIDE World Cup O12-B 2024"]
[Site "Batumi"]
[Date "2024.06.27"]
[Round "5.10"]
[White "Akhmet, Suleyman"]
[Black "Amangeldy, Ramazan"]
[Result "1/2-1/2"]
[ECO "D14"]
[WhiteElo "1793"]
[BlackElo "1740"]
[Annotator "NA RC"]
[PlyCount "95"]
[EventDate "2024.06.23"]
[EventType "swiss"]
[EventCountry "GEO"]
[SourceTitle "playchess.com"]
[Source "ChessBase"]
[SourceQuality "1"]
[TimeControl "5400+30"]

1. d4 d5 2. c4 c6 3. cxd5 cxd5 4. Nc3 Nf6 5. Bf4 Nc6 6. e3 Bf5 7. Nf3 e6 8. Qb3 Qc8 9. Be2 Be7 10. O-O O-O 11. Ne5 Nxe5 12. Bxe5 Nd7 13. Bf4 Nb6 14. Rac1 Qd7 15. Nb5 Rfc8 16. Rxc8+ Rxc8 17. Nxa7 Rc2 18. Bd1 Rc1 19. e4 Rb1 20. Qxb6 dxe4 21. Be2 Rxf1+ 22. Bxf1 Bf8 23. Nb5 h6 24. Bd6 Bxd6 25. Qxd6 Qc8 26. Nc3 Qe8 27. a4 f6 28. a5 Qg6 29. Qg3 Qh5 30. b4 Qe8 31. b5 Qd8 32. a6 bxa6 33. bxa6 Qxd4 34. Qe3 Qd8 35. a7 Kh7 36. Nb5 e5 37. Nc7 Qxc7 38. a8=Q Qc2 39. h3 Qb1 40. Qea7 e3 41. Qf8 exf2+ 42. Kh2 Bd7 43. Qxd7 Qg6 44. Bd3 e4 45. Bxe4 f1=N+ 46. Kg1 f5 47. Bxf5 Ng3 48. Qdxg7# 1/2-1/2

[Event "FIDE World Cup O12-B 2024"]
[Site "Batumi"]
[Date "2024.06.27"]
[Round "5.11"]
[White "Atar, Semih Akif"]
[Black "Suleymanov, Askhab"]
[Result "1/2-1/2"]
[ECO "A36"]
[WhiteElo "1660"]
[BlackElo "1630"]
[Annotator "NA RC"]
[PlyCount "115"]
[EventDate "2024.06.23"]
[EventType "swiss"]
[EventCountry "GEO"]
[SourceTitle "playchess.com"]
[Source "ChessBase"]
[SourceQuality "1"]
[TimeControl "5400+30"]

1. c4 Nf6 2. g3 g6 3. Bg2 Bg7 4. Nc3 O-O 5. d3 d6 6. e4 c5 7. Nge2 Nc6 8. O-O Bd7 9. Bd2 Qc8 10. a3 Bh3 11. Nf4 Bxg2 12. Kxg2 Ng4 13. Nfe2 h5 14. h4 Nd4 15. Nd5 Qd7 16. f3 Nf6 17. Nxd4 cxd4 18. Bg5 Nxd5 19. cxd5 f6 20. Bf4 Qb5 21. Rf2 Kh7 22. Rc2 Rac8 23. Rac1 Qd7 24. Rc4 Rxc4 25. Rxc4 b5 26. Rc6 Rb8 27. b4 Rb7 28. Qc2 Qd8 29. Rc8 Qd7 30. Qc6 f5 31. Qxd7 Rxd7 32. Rb8 Rc7 33. Rxb5 Rc3 34. Ra5 Rxd3 35. Rxa7 fxe4 36. fxe4 Rb3 37. e5 dxe5 38. Bxe5 Re3 39. d6 Rxe5 40. Rxe7 Rd5 41. Kf2 Rxd6 42. b5 Kg8 43. Ke2 Kf8 44. Rc7 Be5 45. a4 Rd5 46. Rc6 d3+ 47. Kd2 Rd6 48. Rxd6 Bxd6 49. a5 Bb4+ 50. Kxd3 Bxa5 51. Ke4 Ke7 52. Kf3 Kf7 53. g4 hxg4+ 54. Kxg4 Kf6 55. h5 g5 56. h6 Bd2 57. b6 Ke7 58. Kf3 1/2-1/2

[Event "FIDE World Cup O12-B 2024"]
[Site "Batumi"]
[Date "2024.06.27"]
[Round "5.12"]
[White "Khubuluri, Zaal"]
[Black "Cronje, Johannes Christiaan"]
[Result "1-0"]
[ECO "B15"]
[WhiteElo "1501"]
[BlackElo "1504"]
[Annotator "NA RC"]
[PlyCount "101"]
[EventDate "2024.06.23"]
[EventType "swiss"]
[EventCountry "GEO"]
[SourceTitle "playchess.com"]
[Source "ChessBase"]
[SourceQuality "1"]
[TimeControl "5400+30"]

1. e4 c6 2. Nf3 d5 3. Nc3 dxe4 4. Nxe4 Nf6 5. Nxf6+ exf6 6. d4 Bd6 7. Bc4 O-O 8. O-O Bg4 9. Qd3 Qc7 10. h3 Bh5 11. Re1 Nd7 12. Bd2 Nb6 13. Bb3 Bg6 14. Qf1 Rfe8 15. c4 Bf4 16. Bc3 Qd7 17. d5 cxd5 18. cxd5 Be4 19. Rad1 Bxd5 20. Bxd5 Nxd5 21. Rxe8+ Rxe8 22. Qc4 Ne3 23. Rxd7 Nxc4 24. Rd4 Nxb2 25. Bxb2 Bh6 26. Rd7 Rb8 27. Bd4 b5 28. Rxa7 Bf4 29. g3 Bc1 30. Rc7 Ba3 31. Kg2 b4 32. Ba7 Re8 33. Bc5 h6 34. Kf1 Rb8 35. Nd4 b3 36. axb3 Bb2 37. Nc6 Rxb3 38. Ne7+ Kh7 39. Nf5 Kg6 40. Nh4+ Kh7 41. Rxf7 Rb5 42. Be3 Bc3 43. Kg2 Rb2 44. Rc7 Be5 45. Rd7 f5 46. Nxf5 Kg6 47. Nxg7 Bxg7 48. Rxg7+ Kh5 49. g4+ Kh4 50. Bxh6 Rb6 51. Bg5# 1-0